 Dungeon Crawl Stone Soup version 0.27-a0-1557-g57f10a385c (webtiles) character file.

Game seed: 8645452752455125801

387 Gwenloh the Cudgeller (level 6, -3/57 HPs)
             Began as a Troll Gladiator on July 16, 2021.
             Slain by a scorpion (7 damage)
             ... on level 4 of the Dungeon.
             The game lasted 00:07:40 (3110 turns).

Gwenloh the Cudgeller (Troll Gladiator)             Turns: 3110, Time: 00:07:40

Health: -3/57      AC:  4    Str: 23    XL:     6   Next: 49%
Magic:  5/5        EV: 10    Int:  4    God:
Gold:   100        SH:  0    Dex: 13    Spells: 5/5 levels left

rFire    . . .     SeeInvis .   y - +0 giant spiked club
rCold    . . .     Faith    .   (shield currently unavailable)
rNeg     . . .     Spirit   .   b - +0 robe
rPois    .         Reflect  .   c - +0 hat
rElec    .         Harm     .   (no cloak)
rCorr    .         Rampage  .   (gloves unavailable)
Will     .....                  (boots unavailable)
Stlth    +.........             (no amulet)
HPRegen  1.19/turn              (no ring)
MPRegen  0.09/turn              (no ring)

@: lethally poisoned (-3 -> -3)
A: large, unfitting armour, claws 3, regeneration 1, shaggy fur 1, tough skin 1
a: no special abilities


You were on level 4 of the Dungeon.
You visited 1 branch of the dungeon, and saw 4 of its levels.

You collected 100 gold pieces.

Inventory:

Hand Weapons
 a - a +0 flail
 s - a +1 morningstar of protection
 y - a +0 giant spiked club (weapon)
Missiles
 d - 3 throwing nets
 h - 40 stones (quivered)
Armour
 b - a +0 robe (worn)
 c - a +0 hat (worn)
Jewellery
 o - a +6 ring of strength
 u - a ring of magical power
Scrolls
 e - a scroll of noise {unknown}
 i - 2 scrolls of teleportation {unknown}
 j - 2 scrolls of enchant weapon {unknown}
 k - 3 scrolls of identify {unknown}
 q - a scroll of vulnerability {unknown}
 r - a scroll of fear {unknown}
 t - a scroll of silence {unknown}
 v - a scroll of fog {unknown}
 x - a scroll of amnesia {unknown}
Potions
 f - a potion of degeneration {unknown}
 g - a potion of haste {unknown}
 l - a potion of brilliance {unknown}
 m - a potion of magic {unknown}
 n - 2 potions of curing {unknown}
 p - a potion of heal wounds {unknown}
 w - a potion of invisibility {unknown}


   Skills:
 - Level 1.7 Fighting
 * Level 4.7 Maces & Flails
 * Level 4.1 Throwing
 + Level 3.4 Dodging


You had 5 spell levels left.
You didn't know any spells.
Your spell library contained the following spells:

 Spells                   Type           Power      Damage    Failure   Level
 Apportation              Tloc           0%         N/A       50%         1
 Magic Dart               Conj           0%         1d3       50%         1
 Pain                     Necr           0%         1d4       50%         1
 Shock                    Conj/Air       0%         1d3       50%         1
 Searing Ray              Conj           0%         3d3       65%         2
 Swiftness                Air            0%         N/A       86%         3
 Airstrike                Air            0%         N/A       99%         4
 Fulminant Prism          Conj/Hex       0%         3d6       99%         4
 Hailstorm                Conj/Ice       0%         3d3       99%         4
 Ice Form                 Ice/Tmut       0%         N/A       99%         4
 Alistair's Intoxication  Tmut/Pois      0%         N/A       100%        5
 Invisibility             Hex            0%         N/A       100%        6
 Simulacrum               Ice/Necr       0%         N/A       100%        6


Dungeon Overview and Level Annotations

Branches:
Dungeon (4/15)
 Temple: D:4-7

Altars:
Hepliaklqana
Zin

Annotations:
D:3 Jessica


Innate Abilities, Weirdness & Mutations

You are too large for most types of armour.
You have claws for hands.
Your natural rate of healing is unusually fast.
You are covered in fur. (AC +1)
You have tough skin. (AC +1)


Message History

You feel sick.
You feel sick.
You feel sick. The scorpion stings you.
* * * LOW HITPOINT WARNING * * *
You feel sick.
You feel sick.
You feel sick.
You are no longer poisoned.
The scorpion stings you but does no damage.
The scorpion stings you.
* * * LOW HITPOINT WARNING * * *
You are poisoned.
The scorpion poisons you!
You feel sick.
You feel sick.
You feel sick.
You feel sick.
You closely miss the scorpion.
The scorpion is moderately wounded.
You feel sick. The scorpion stings you.
* * * LOW HITPOINT WARNING * * *
The scorpion barely misses you.
You barely miss the scorpion.
The scorpion is moderately wounded.
You feel sick.
You are no longer poisoned.
The scorpion stings you.
* * * LOW HITPOINT WARNING * * *
You are poisoned.
The scorpion poisons you!
The scorpion stings you but does no damage.
You thump the scorpion!
The scorpion is severely wounded.
You feel very sick. The scorpion closely misses you.
The scorpion barely misses you.
You completely miss the scorpion.
The scorpion is severely wounded.
You feel very sick. The scorpion stings you!
You die...

.. #.##################
##...................
................(>.#
.......#.##.(......
#.###..#...<((..(.(
.#####.##.....##@##.##..
............#.#.s$......
######.###..#.##.#......
.................##.####
....##.####.#....# .#
....##.####.#....# #
....#..........#.#
....#.........##.#
....#....†....##..


You could see a scorpion.

Vanquished Creatures
  An ogre (D:4)
  A bullfrog (D:4)
  An orc priest (D:4)
  2 hounds (D:4)
  An iguana (D:4)
  6 adders
  4 dart slugs
  4 orcs
  5 endoplasms
  2 giant cockroaches
  6 hobgoblins
  6 jackals (D:2)
  A kobold (D:1)
  9 quokkas
  4 ball pythons
  3 bats
  A frilled lizard (D:3)
  6 goblins
  A rat (D:1)
64 creatures vanquished.

Vanquished Creatures (others)
  4 fungi (D:1)
  5 plants (D:2)
9 creatures vanquished.

Grand Total: 73 creatures vanquished

Notes
Turn   | Place    | Note
-------+----------+-------------------------------------------
     0 | D:1      | Gwenloh the Troll Gladiator began the quest for the Orb.
     0 | D:1      | Reached XP level 1. HP: 19/19 MP: 0/0
   151 | D:1      | Reached XP level 2. HP: 17/28 MP: 1/1
   275 | D:1      | Found a faded altar of an unknown god.
   282 | D:1      | Got Plato's Catalogue of Evil
   914 | D:2      | Reached XP level 3. HP: 31/35 MP: 2/2
   953 | D:2      | Found a hazy altar of Hepliaklqana.
  1972 | D:3      | Reached XP level 4. HP: 42/42 MP: 3/3
  2048 | D:3      | Noticed Jessica
  2644 | D:4      | Found a glowing silver altar of Zin.
  2754 | D:4      | Noticed a bullfrog
  2758 | D:4      | Killed a bullfrog
  2759 | D:4      | Reached XP level 5. HP: 46/49 MP: 4/4
  2850 | D:4      | Reached XP level 6. HP: 41/57 MP: 5/5
  3110 | D:4      | Slain by a scorpion

Illustrated notes

Levels and vault maps discovered:
D:1:      heliophobic_arrival_glass_houses, layout_basic,
          shapermc_ecumenical_altar_rom_forum
D:2:      wad_woods_stonehenge, layout_basic, grunt_decor_resistance,
          chequers_serial_rivers_large_a
D:3:      layout_loops_ring, glass_columns_a, uniq_jessica
D:4:      layout_basic, mainiacjoe_overflow_cross_hatched

Skill      XL: |  1  2  3  4  5  6 |
---------------+-------------------+-----
Maces & Flails | 3 4 |  4.7
Throwing       | 2 3 4 |  4.1
Dodging        | 3 |  3.4
Fighting       | |  1.7

Action                   |  1- 3 |  4- 6 || total
-------------------------+-------+-------++-------
Melee: Flail             |    97 |    17 ||   114
       Morningstar       |       |    63 ||    63
       Giant spiked club |       |    11 ||    11
Throw: Stone             |    51 |    94 ||   145
Armor: Robe              |    40 |    38 ||    78
Dodge: Dodged            |    57 |    75 ||   132

Table legend: (Time is in decaauts)
 A = Elapsed time spent in this place.
 B = Non-inter-level travel time spent in this place.
 C = Inter-level travel time spent in this place.
 D = Time resting spent in this place.
 E = Time spent auto-exploring this place.
 F = Levels seen in this place.
 G = Mean time per level.
                   A        B        C        D        E       F      G
               +--------+--------+--------+--------+--------+-----+--------+
         Total |   3159 |   3064 |     95 |     23 |   2443 |   4 |  789.8 |
       Dungeon |   3159 |   3064 |     95 |     23 |   2443 |   4 |  789.8 |
               +--------+--------+--------+--------+--------+-----+--------+

Top non-repeatable levels by time:
     D:2: 1174 daAuts
     D:1: 788 daAuts
     D:3: 708 daAuts
     D:4: 487 daAuts
